2899 views
Uploaded 2019-12-03 23:49:56
Game version 1.32.0.3 / 1.32.0.3.1
23:26 long 3on3 ladder game on (6)Monsoon_LV
Saved by BEARAND
2899 views
Uploaded 2019-12-03 23:49:56
Game version 1.32.0.3 / 1.32.0.3.1
23:26 long 3on3 ladder game on (6)Monsoon_LV


125 units @ 19.4k
/ 2.5k
47 buildings @ 6.3k
/ 2.5k

| Scroll of Regeneration | 3 | 300 |
| Lesser Clarity Potion | 2 | 140 |
| total: | 5 | 440g |
| Footman | 10 | 1350 | / | 0 |
| total: | 10 | 1350g | / | 0w |
| Altar of Kings | 1 | 180 | / | 50 |
| Farm | 1 | 80 | / | 20 |
| Barracks | 1 | 160 | / | 60 |
| Arcane Vault | 1 | 130 | / | 30 |
| Town Hall | 2 | 770 | / | 410 |
| total: | 6 | 1320g | / | 570w |
| 0:05 | Altar of Kings |
| 0:53 | Farm |
| 1:21 | Barracks |
| 2:05 | Summon Water Elemental |
| 3:08 | Footman |
| 3:09 | Footman |
| 3:09 | Footman |
| 4:07 | Brilliance Aura |
| 5:27 | Arcane Vault |
| 5:33 | Footman |
| 5:33 | Footman |
| 5:35 | Footman |
| 5:35 | Footman |
| 6:10 | Summon Water Elemental |
| 6:32 | Scroll of Regeneration |
| 6:33 | Lesser Clarity Potion |
| 6:35 | Scroll of Regeneration |
| 6:35 | Lesser Clarity Potion |
| 7:24 | Footman |
| 8:17 | Town Hall |
| 8:39 | Town Hall |
| 8:55 | Footman |
| 8:59 | Footman |
| 9:59 | Scroll of Regeneration |
| Right click | 371 |
| Select | 165 |
| Build/train/purchase | 39 |
| Chat | 6 |
| Use ability | 1 |
| Remove unit | 1 |


| Scroll of Regeneration | 2 | 200 |
| total: | 2 | 200g |
| Peasant | 24 | 1800 | / | 0 |
| Footman | 2 | 270 | / | 0 |
| Rifleman | 8 | 1640 | / | 240 |
| Knight | 4 | 980 | / | 240 |
| Priest | 2 | 270 | / | 20 |
| Sorceress | 1 | 155 | / | 20 |
| Spell Breaker | 1 | 215 | / | 30 |
| total: | 42 | 5330g | / | 550w |
| Scout Tower | 6 | 180 | / | 120 |
| Arcane Tower | 1 | 70 | / | 50 |
| Guard Tower | 1 | 70 | / | 50 |
| Altar of Kings | 1 | 180 | / | 50 |
| Barracks | 2 | 320 | / | 120 |
| Farm | 13 | 1040 | / | 260 |
| Blacksmith | 1 | 140 | / | 60 |
| Arcane Vault | 1 | 130 | / | 30 |
| Town Hall | 1 | 385 | / | 205 |
| Lumber Mill | 1 | 120 | / | 0 |
| Arcane Sanctum | 3 | 450 | / | 420 |
| Keep | 2 | 640 | / | 420 |
| Castle | 1 | 360 | / | 210 |
| total: | 29 | 2945g | / | 1265w |
| 0:03 | Peasant |
| 0:03 | Peasant |
| 0:20 | Peasant |
| 0:36 | Peasant |
| 0:50 | Peasant |
| 0:50 | Peasant |
| 1:02 | Altar of Kings |
| 1:04 | Barracks |
| 1:08 | Farm |
| 1:12 | Blacksmith |
| 1:16 | Peasant |
| 1:22 | Farm |
| 1:33 | Peasant |
| 1:39 | Farm |
| 1:58 | Peasant |
| 2:07 | Footman |
| 2:22 | Farm |
| 2:34 | Rifleman |
| 2:46 | Rifleman |
| 3:18 | Rifleman |
| 3:48 | Scout Tower |
| 3:52 | Rifleman |
| 4:00 | Holy Light |
| 4:13 | Peasant |
| 4:54 | Farm |
| 5:14 | Farm |
| 5:55 | Farm |
| 6:00 | Keep |
| 6:03 | Rifleman |
| 6:10 | Farm |
| 6:43 | Devotion Aura |
| 7:11 | Rifleman |
| 7:35 | Farm |
| 7:40 | Arcane Vault |
| 7:44 | Farm |
| 8:05 | Black Gunpowder |
| 8:45 | Town Hall |
| 9:02 | Peasant |
| 9:03 | Peasant |
| 9:03 | Peasant |
| 9:09 | Holy Light |
| 9:12 | Long Rifles |
| 9:16 | Lumber Mill |
| 9:28 | Peasant |
| 9:57 | Castle |
| 10:04 | Arcane Sanctum |
| 10:14 | Scout Tower |
| 10:15 | Scout Tower |
| 10:15 | Scout Tower |
| 10:19 | Barracks |
| 11:30 | Arcane Sanctum |
| 11:36 | Arcane Tower |
| 11:39 | Scout Tower |
| 11:49 | Footman |
| 12:08 | Guard Tower |
| 12:13 | Chemical Rage |
| 13:15 | Scout Tower |
| 13:21 | Knight |
| 13:23 | Peasant |
| 14:53 | Knight |
| 14:56 | Priest |
| 15:00 | Arcane Sanctum |
| 15:25 | Sorceress |
| 16:26 | Scroll of Regeneration |
| 16:33 | Knight |
| 16:36 | Rifleman |
| 16:47 | Farm |
| 16:49 | Farm |
| 16:51 | Farm |
| 16:57 | Refined Gunpowder |
| 17:08 | Animal War Training |
| 17:14 | Peasant |
| 17:14 | Peasant |
| 17:14 | Peasant |
| 17:15 | Peasant |
| 17:16 | Peasant |
| 17:23 | Control Magic |
| 17:27 | Priest |
| 17:28 | Spell Breaker |
| 18:19 | Knight |
| 18:20 | Sundering Blades |
| 18:31 | Scroll of Regeneration |
| 18:54 | Rifleman |
| 18:58 | Priest Adept Training |
| 18:59 | Sorceress Adept Training |
| 19:33 | Peasant |
| 19:33 | Peasant |
| 19:33 | Peasant |
| 19:33 | Peasant |
| Right click | 1229 |
| Select | 337 |
| Select group | 197 |
| Build/train/purchase | 67 |
| Chat | 45 |
| Assign group | 22 |
| Use ability | 19 |
| Minimap ping | 4 |
| Misc. action | 1 |
| Remove unit | 1 |

| Acolyte | 8 | 600 | / | 0 |
| Ghoul | 11 | 1320 | / | 0 |
| Crypt Fiend | 38 | 8170 | / | 1520 |
| Necromancer | 10 | 1450 | / | 200 |
| Rifleman | 6 | 1230 | / | 180 |
| total: | 73 | 12770g | / | 1900w |
| Spirit Tower | 4 | 580 | / | 160 |
| Ziggurat | 7 | 1050 | / | 350 |
| Altar of Darkness | 1 | 180 | / | 50 |
| Crypt | 2 | 400 | / | 100 |
| Graveyard | 1 | 215 | / | 0 |
| Temple of the Damned | 1 | 155 | / | 140 |
| Halls of the Dead | 2 | 640 | / | 420 |
| Black Citadel | 1 | 325 | / | 230 |
| total: | 12 | 2000g | / | 640w |
| 0:04 | Acolyte |
| 0:04 | Acolyte |
| 0:06 | Ziggurat |
| 0:10 | Altar of Darkness |
| 0:22 | Acolyte |
| 0:46 | Crypt |
| 1:06 | Graveyard |
| 1:31 | Crypt |
| 1:38 | Ziggurat |
| 1:50 | Ghoul |
| 2:02 | Ghoul |
| 2:10 | Sleep |
| 2:32 | Ghoul |
| 2:41 | Ghoul |
| 2:42 | Ghoul |
| 2:53 | Creature Attack |
| 2:53 | Improved Creature Attack |
| 3:18 | Spirit Tower |
| 3:27 | Ghoul |
| 3:45 | Ghoul |
| 3:56 | Ghoul |
| 4:15 | Halls of the Dead |
| 4:36 | Crypt Fiend |
| 4:37 | Crypt Fiend |
| 4:53 | Creature Carapace |
| 5:18 | Ziggurat |
| 5:26 | Ziggurat |
| 6:10 | Crypt Fiend |
| 6:11 | Crypt Fiend |
| 6:38 | Temple of the Damned |
| 6:44 | Crypt Fiend |
| 6:54 | Ghoul |
| 7:29 | Crypt Fiend |
| 7:48 | Crypt Fiend |
| 8:14 | Advanced Creature Attack |
| 8:30 | Acolyte |
| 8:30 | Acolyte |
| 8:41 | Vampiric Aura |
| 9:04 | Web |
| 9:05 | Ziggurat |
| 9:45 | Crypt Fiend |
| 10:03 | Crypt Fiend |
| 10:10 | Acolyte |
| 10:10 | Acolyte |
| 10:15 | Necromancer |
| 10:30 | Crypt Fiend |
| 10:53 | Crypt Fiend |
| 10:55 | Crypt Fiend |
| 11:10 | Necromancer |
| 11:15 | Improved Creature Carapace |
| 11:32 | Crypt Fiend |
| 11:37 | Necromancer Adept Training |
| 11:47 | Ziggurat |
| 12:15 | Crypt Fiend |
| 12:17 | Ghoul |
| 12:57 | Crypt Fiend |
| 12:59 | Crypt Fiend |
| 13:02 | Necromancer |
| 14:01 | Crypt Fiend |
| 14:02 | Crypt Fiend |
| 14:03 | Skeletal Mastery |
| 14:23 | Black Citadel |
| 14:44 | Crypt Fiend |
| 14:46 | Necromancer |
| 15:21 | Crypt Fiend |
| 15:33 | Spirit Tower |
| 16:01 | Crypt Fiend |
| 16:03 | Crypt Fiend |
| 16:14 | Ziggurat |
| 16:37 | Necromancer |
| 16:39 | Ghoul |
| 17:14 | Crypt Fiend |
| 17:26 | Necromancer Master Training |
| 17:50 | Crypt Fiend |
| 17:54 | Crypt Fiend |
| 17:54 | Crypt Fiend |
| 18:24 | Vampiric Aura |
| 19:01 | Crypt Fiend |
| 19:03 | Crypt Fiend |
| 19:44 | Crypt Fiend |
| 19:46 | Crypt Fiend |
| 19:48 | Necromancer |
| 19:50 | Advanced Creature Carapace |
| 20:26 | Crypt Fiend |
| 20:27 | Crypt Fiend |
| 20:29 | Necromancer |
| 20:48 | Spirit Tower |
| 20:51 | Spirit Tower |
| 20:55 | Crypt Fiend |
| 20:57 | Crypt Fiend |
| 21:00 | Necromancer |
| 21:11 | Rifleman |
| 21:11 | Rifleman |
| 21:11 | Rifleman |
| 21:13 | Rifleman |
| 21:13 | Rifleman |
| 21:13 | Rifleman |
| 21:24 | Crypt Fiend |
| 21:29 | Necromancer |
| 21:49 | Crypt Fiend |
| 21:53 | Acolyte |
| 22:48 | Crypt Fiend |
| 22:50 | Crypt Fiend |
| 22:52 | Necromancer |
| Right click | 616 |
| Select | 376 |
| Build/train/purchase | 101 |
| Select group | 87 |
| Use ability | 84 |
| Assign group | 27 |
| Chat | 6 |
64 units @ 5k
/ 0k
165 buildings @ 12.3k
/ 5.9k



| Lesser Clarity Potion | 2 | 140 |
| Scroll of Regeneration | 1 | 100 |
| Staff of Sanctuary | 1 | 250 |
| Boots of Speed | 3 | 750 |
| Staff of Teleportation | 3 | 450 |
| Circlet of Nobility | 2 | 350 |
| Periapt of Vitality | 2 | 650 |
| Healing Salve | 2 | 200 |
| Orb of Lightning | 1 | 375 |
| total: | 17 | 3265g |
| Peasant | 25 | 1875 | / | 0 |
| Sorceress | 1 | 155 | / | 20 |
| Priest | 1 | 135 | / | 10 |
| total: | 27 | 2165g | / | 30w |
| Scout Tower | 50 | 1500 | / | 1000 |
| Arcane Tower | 1 | 70 | / | 50 |
| Guard Tower | 17 | 1190 | / | 850 |
| Farm | 4 | 320 | / | 80 |
| Altar of Kings | 1 | 180 | / | 50 |
| Lumber Mill | 4 | 480 | / | 0 |
| Town Hall | 1 | 385 | / | 205 |
| Arcane Vault | 1 | 130 | / | 30 |
| Arcane Sanctum | 1 | 150 | / | 140 |
| Keep | 1 | 320 | / | 210 |
| Castle | 1 | 360 | / | 210 |
| total: | 62 | 3145g | / | 1505w |
| 0:03 | Peasant |
| 0:03 | Peasant |
| 0:09 | Farm |
| 0:13 | Altar of Kings |
| 0:16 | Peasant |
| 0:30 | Peasant |
| 0:40 | Lumber Mill |
| 0:46 | Peasant |
| 0:53 | Farm |
| 1:16 | Scout Tower |
| 1:20 | Peasant |
| 1:20 | Peasant |
| 1:27 | Farm |
| 1:37 | Scout Tower |
| 1:39 | Peasant |
| 1:43 | Arcane Tower |
| 1:51 | Peasant |
| 2:03 | Farm |
| 2:05 | Peasant |
| 2:13 | Guard Tower |
| 2:15 | Scout Tower |
| 2:18 | Blizzard |
| 2:23 | Peasant |
| 2:29 | Improved Masonry |
| 2:40 | Scout Tower |
| 2:46 | Guard Tower |
| 2:48 | Peasant |
| 3:11 | Peasant |
| 3:11 | Peasant |
| 3:27 | Keep |
| 3:30 | Scout Tower |
| 3:37 | Guard Tower |
| 3:48 | Scout Tower |
| 3:49 | Scout Tower |
| 3:49 | Scout Tower |
| 3:53 | Scout Tower |
| 3:54 | Scout Tower |
| 3:54 | Scout Tower |
| 3:55 | Scout Tower |
| 4:04 | Guard Tower |
| 4:49 | Guard Tower |
| 5:07 | Boots of Speed |
| 5:08 | Staff of Teleportation |
| 5:15 | Lesser Clarity Potion |
| 5:16 | Healing Salve |
| 5:22 | Guard Tower |
| 6:12 | Brilliance Aura |
| 6:29 | Town Hall |
| 6:32 | Arcane Vault |
| 7:37 | Blizzard |
| 7:48 | Healing Salve |
| 7:52 | Castle |
| 7:59 | Storm Bolt |
| 8:17 | Guard Tower |
| 8:21 | Scout Tower |
| 8:22 | Scout Tower |
| 8:23 | Scout Tower |
| 8:23 | Scout Tower |
| 9:05 | Advanced Masonry |
| 9:06 | Improved Lumber Harvesting |
| 9:08 | Scout Tower |
| 9:10 | Scout Tower |
| 10:06 | Guard Tower |
| 10:08 | Scout Tower |
| 10:09 | Scout Tower |
| 10:12 | Peasant |
| 10:12 | Peasant |
| 10:12 | Peasant |
| 10:12 | Peasant |
| 10:28 | Bash |
| 10:39 | Peasant |
| 10:39 | Peasant |
| 10:39 | Peasant |
| 10:42 | Lumber Mill |
| 10:45 | Guard Tower |
| 10:55 | Lumber Mill |
| 10:58 | Guard Tower |
| 11:01 | Scout Tower |
| 11:01 | Scout Tower |
| 11:02 | Scout Tower |
| 11:03 | Scout Tower |
| 11:04 | Scout Tower |
| 11:04 | Scout Tower |
| 11:05 | Scout Tower |
| 11:06 | Scout Tower |
| 11:15 | Peasant |
| 11:15 | Peasant |
| 11:19 | Peasant |
| 11:19 | Peasant |
| 11:46 | Scout Tower |
| 11:47 | Scout Tower |
| 11:48 | Scout Tower |
| 11:48 | Scout Tower |
| 12:48 | Holy Light |
| 13:02 | Guard Tower |
| 13:05 | Advanced Lumber Harvesting |
| 13:06 | Imbued Masonry |
| 13:08 | Arcane Sanctum |
| 13:37 | Boots of Speed |
| 13:38 | Staff of Teleportation |
| 13:39 | Boots of Speed |
| 13:40 | Circlet of Nobility |
| 13:41 | Periapt of Vitality |
| 13:53 | Guard Tower |
| 13:55 | Lumber Mill |
| 13:58 | Brilliance Aura |
| 14:14 | Guard Tower |
| 14:17 | Scout Tower |
| 14:18 | Scout Tower |
| 14:19 | Scout Tower |
| 14:19 | Scout Tower |
| 14:20 | Scout Tower |
| 14:20 | Scout Tower |
| 14:45 | Guard Tower |
| 15:00 | Magic Sentry |
| 15:00 | Sorceress Adept Training |
| 15:00 | Priest Adept Training |
| 15:01 | Sorceress |
| 15:01 | Priest |
| 15:09 | Guard Tower |
| 15:27 | Storm Bolt |
| 16:32 | Scroll of Regeneration |
| 16:35 | Staff of Sanctuary |
| 16:43 | Staff of Teleportation |
| 17:28 | Scout Tower |
| 17:29 | Scout Tower |
| 17:29 | Scout Tower |
| 17:30 | Scout Tower |
| 17:32 | Scout Tower |
| 17:33 | Scout Tower |
| 17:33 | Scout Tower |
| 17:33 | Scout Tower |
| 17:39 | Guard Tower |
| 17:43 | Scout Tower |
| 17:44 | Scout Tower |
| 17:44 | Scout Tower |
| 17:45 | Scout Tower |
| 18:36 | Devotion Aura |
| 20:35 | Lesser Clarity Potion |
| 20:36 | Orb of Lightning |
| 21:13 | Holy Light |
| 21:35 | Guard Tower |
| 21:46 | Bash |
| 21:52 | Periapt of Vitality |
| 21:53 | Circlet of Nobility |
| 22:28 | Blizzard |
| Right click | 1047 |
| Select group | 329 |
| Select | 220 |
| Build/train/purchase | 165 |
| Use ability | 113 |
| Chat | 42 |
| Misc. action | 40 |
| Assign group | 21 |
| Item give/drop | 4 |
| Esc | 1 |



x1)
| Staff of Sanctuary | 3 | 750 |
| Potion of Healing | 2 | 300 |
| Potion of Mana | 2 | 400 |
| Boots of Speed | 2 | 500 |
| Staff of Teleportation | 3 | 450 |
| Tome of Retraining | 1 | 300 |
| Periapt of Vitality | 1 | 325 |
| Orb of Lightning | 1 | 375 |
| total: | 15 | 3400g |
| Peasant | 19 | 1425 | / | 0 |
| Priest | 1 | 135 | / | 10 |
| total: | 20 | 1560g | / | 10w |
| Scout Tower | 45 | 1350 | / | 900 |
| Guard Tower | 17 | 1190 | / | 850 |
| Arcane Tower | 2 | 140 | / | 100 |
| Altar of Kings | 1 | 180 | / | 50 |
| Farm | 4 | 320 | / | 80 |
| Lumber Mill | 2 | 240 | / | 0 |
| Town Hall | 1 | 385 | / | 205 |
| Arcane Vault | 4 | 520 | / | 120 |
| Blacksmith | 1 | 140 | / | 60 |
| Arcane Sanctum | 2 | 300 | / | 280 |
| Keep | 1 | 320 | / | 210 |
| Castle | 1 | 360 | / | 210 |
| total: | 60 | 3435g | / | 1695w |
| 0:02 | Peasant |
| 0:11 | Peasant |
| 0:14 | Altar of Kings |
| 0:20 | Farm |
| 0:28 | Peasant |
| 0:28 | Peasant |
| 0:34 | Lumber Mill |
| 0:46 | Farm |
| 0:54 | Peasant |
| 1:05 | Peasant |
| 1:19 | Peasant |
| 1:35 | Scout Tower |
| 1:37 | Peasant |
| 1:39 | Peasant |
| 1:44 | Scout Tower |
| 1:59 | Scout Tower |
| 2:01 | Scout Tower |
| 2:02 | Guard Tower |
| 2:08 | Peasant |
| 2:16 | Summon Water Elemental |
| 2:18 | Guard Tower |
| 2:31 | Guard Tower |
| 2:33 | Scout Tower |
| 2:47 | Arcane Tower |
| 3:04 | Scout Tower |
| 3:09 | Scout Tower |
| 3:26 | Peasant |
| 3:27 | Peasant |
| 3:27 | Peasant |
| 3:31 | Guard Tower |
| 3:33 | Scout Tower |
| 3:40 | Brilliance Aura |
| 4:26 | Guard Tower |
| 4:27 | Peasant |
| 4:27 | Peasant |
| 4:35 | Summon Water Elemental |
| 4:46 | Town Hall |
| 5:37 | Boots of Speed |
| 5:51 | Staff of Teleportation |
| 5:52 | Staff of Teleportation |
| 5:59 | Keep |
| 5:59 | Peasant |
| 6:00 | Peasant |
| 6:00 | Peasant |
| 6:01 | Peasant |
| 6:04 | Scout Tower |
| 6:05 | Scout Tower |
| 6:17 | Scout Tower |
| 6:18 | Scout Tower |
| 6:18 | Scout Tower |
| 6:19 | Scout Tower |
| 6:21 | Farm |
| 6:21 | Farm |
| 6:51 | Guard Tower |
| 8:16 | Guard Tower |
| 8:20 | Castle |
| 8:21 | Improved Masonry |
| 8:22 | Improved Lumber Harvesting |
| 8:53 | Guard Tower |
| 8:54 | Scout Tower |
| 8:55 | Scout Tower |
| 8:55 | Scout Tower |
| 8:56 | Scout Tower |
| 8:56 | Scout Tower |
| 8:59 | Scout Tower |
| 9:00 | Scout Tower |
| 9:01 | Scout Tower |
| 9:02 | Scout Tower |
| 9:06 | Arcane Sanctum |
| 9:17 | Storm Bolt |
| 10:05 | Guard Tower |
| 10:07 | Advanced Masonry |
| 10:13 | Scout Tower |
| 10:14 | Scout Tower |
| 10:14 | Scout Tower |
| 10:14 | Scout Tower |
| 10:15 | Scout Tower |
| 10:15 | Scout Tower |
| 10:16 | Scout Tower |
| 10:16 | Scout Tower |
| 11:12 | Guard Tower |
| 11:14 | Magic Sentry |
| 11:15 | Priest |
| 11:16 | Guard Tower |
| 11:20 | Arcane Vault |
| 11:21 | Arcane Vault |
| 12:11 | Brilliance Aura |
| 12:52 | Arcane Tower |
| 12:55 | Priest Adept Training |
| 13:03 | Scout Tower |
| 13:03 | Scout Tower |
| 13:04 | Scout Tower |
| 13:05 | Scout Tower |
| 13:28 | Guard Tower |
| 13:37 | Scout Tower |
| 13:37 | Scout Tower |
| 13:38 | Scout Tower |
| 13:38 | Scout Tower |
| 13:39 | Scout Tower |
| 14:07 | Holy Light |
| 14:12 | Staff of Sanctuary |
| 14:13 | Orb of Lightning |
| 14:14 | Staff of Sanctuary |
| 14:16 | Guard Tower |
| 14:40 | Guard Tower |
| 15:23 | Boots of Speed |
| 15:24 | Tome of Retraining |
| 15:24 | Retrain Hero |
| 15:45 | Staff of Teleportation |
| 15:46 | Periapt of Vitality |
| 15:53 | Bash |
| 15:57 | Blizzard |
| 15:58 | Brilliance Aura |
| 15:58 | Blizzard |
| 15:58 | Brilliance Aura |
| 16:02 | Arcane Vault |
| 16:03 | Arcane Vault |
| 16:30 | Guard Tower |
| 16:37 | Scout Tower |
| 16:38 | Scout Tower |
| 16:38 | Scout Tower |
| 16:38 | Scout Tower |
| 16:39 | Scout Tower |
| 17:43 | Guard Tower |
| 17:47 | Staff of Sanctuary |
| 18:45 | Divine Shield |
| 19:12 | Storm Bolt |
| 20:28 | Potion of Healing |
| 20:29 | Potion of Healing |
| 20:32 | Potion of Mana |
| 20:32 | Potion of Mana |
| 21:49 | Holy Light |
| 21:54 | Brilliance Aura |
| 23:18 | Lumber Mill |
| 23:20 | Blacksmith |
| 23:22 | Arcane Sanctum |
| Right click | 1907 |
| Select | 489 |
| Select group | 396 |
| Build/train/purchase | 220 |
| Chat | 218 |
| Use ability | 54 |
| Assign group | 36 |
| Misc. action | 22 |
| Item give/drop | 10 |
| Minimap ping | 5 |



| Healing Salve | 2 | 200 |
| Lesser Clarity Potion | 1 | 70 |
| Orb of Lightning | 1 | 375 |
| Boots of Speed | 3 | 750 |
| Staff of Teleportation | 2 | 300 |
| Circlet of Nobility | 1 | 175 |
| total: | 10 | 1870g |
| Peon | 17 | 1275 | / | 0 |
| total: | 17 | 1275g | / | 0w |
| Watch Tower | 24 | 2640 | / | 1920 |
| Altar of Storms | 1 | 180 | / | 50 |
| Orc Burrow | 6 | 960 | / | 240 |
| War Mill | 1 | 205 | / | 0 |
| Voodoo Lounge | 8 | 1040 | / | 240 |
| Great Hall | 1 | 385 | / | 185 |
| Barracks | 2 | 360 | / | 100 |
| Stronghold | 1 | 315 | / | 190 |
| Fortress | 1 | 325 | / | 190 |
| total: | 43 | 5770g | / | 2735w |
| 0:02 | Peon |
| 0:02 | Peon |
| 0:04 | Altar of Storms |
| 0:19 | Orc Burrow |
| 0:25 | Peon |
| 0:36 | Peon |
| 0:49 | War Mill |
| 0:58 | Voodoo Lounge |
| 1:05 | Peon |
| 1:17 | Peon |
| 1:32 | Peon |
| 1:36 | Orc Burrow |
| 1:48 | Peon |
| 2:07 | Wind Walk |
| 2:09 | Watch Tower |
| 2:13 | Peon |
| 2:40 | Watch Tower |
| 2:47 | Peon |
| 3:15 | Watch Tower |
| 3:43 | Watch Tower |
| 3:45 | Peon |
| 3:45 | Peon |
| 3:50 | Boots of Speed |
| 3:51 | Staff of Teleportation |
| 4:07 | Peon |
| 4:29 | Watch Tower |
| 4:47 | Watch Tower |
| 4:50 | Stronghold |
| 5:00 | Watch Tower |
| 5:04 | Voodoo Lounge |
| 5:14 | Voodoo Lounge |
| 5:35 | Watch Tower |
| 5:56 | Critical Strike |
| 6:10 | Voodoo Lounge |
| 6:14 | Healing Salve |
| 6:17 | Lesser Clarity Potion |
| 6:24 | Watch Tower |
| 6:28 | Watch Tower |
| 6:39 | Watch Tower |
| 7:32 | Watch Tower |
| 8:04 | Watch Tower |
| 8:06 | Watch Tower |
| 8:16 | Great Hall |
| 8:37 | Hex |
| 8:52 | Healing Salve |
| 8:55 | Watch Tower |
| 9:09 | Watch Tower |
| 9:23 | Watch Tower |
| 9:31 | Wind Walk |
| 9:58 | Watch Tower |
| 10:09 | Fortress |
| 10:12 | Spiked Barricades |
| 10:42 | Watch Tower |
| 10:44 | Watch Tower |
| 11:04 | Watch Tower |
| 11:06 | Peon |
| 11:06 | Peon |
| 11:06 | Peon |
| 11:06 | Peon |
| 11:14 | Improved Spiked Barricades |
| 11:59 | Watch Tower |
| 12:00 | Watch Tower |
| 12:20 | Watch Tower |
| 13:08 | Frost Arrows |
| 13:41 | Boots of Speed |
| 13:42 | Staff of Teleportation |
| 13:56 | Healing Wave |
| 14:05 | Orc Burrow |
| 14:55 | Critical Strike |
| 15:41 | Orb of Lightning |
| 16:43 | Boots of Speed |
| 16:44 | Circlet of Nobility |
| 17:29 | Forked Lightning |
| 17:42 | Voodoo Lounge |
| 18:45 | Voodoo Lounge |
| 20:10 | Healing Wave |
| 20:19 | Voodoo Lounge |
| 20:45 | Voodoo Lounge |
| 21:56 | Frost Arrows |
| 22:09 | Barracks |
| 22:11 | Orc Burrow |
| 22:12 | Barracks |
| 23:17 | Burning Oil |
| 23:19 | Orc Burrow |
| 23:23 | Orc Burrow |
| Right click | 1469 |
| Select | 428 |
| Select group | 325 |
| Misc. action | 183 |
| Build/train/purchase | 65 |
| Chat | 55 |
| Use ability | 36 |
| Assign group | 4 |
| Item give/drop | 3 |
⇛